 Dungeon Sprint DCSS version 0.25.1-8-g42b30a86e7 (webtiles) character file.

Game seed: 696687001046051321

274892 Cadaver the Formicid Barricade (level 21, -2/204 HPs)
             Began as a Formicid Fighter on Dec 9, 2020.
             Was the Champion of Cheibriados.
             Killed by divine providence
             ... invoked by a greater mummy
              (13 damage)
             ... in the Dungeon (Sprint VII: "The Pits") on Dec 21, 2020.
             The game lasted 01:14:59 (15033 turns).

Cadaver the Formicid Barricade (Formicid Fighter)  Turns: 15033, Time: 01:15:01

Health: -2/204     AC: 52    Str: 36      XL:     21   Next: 18%
Magic:  9/49       EV: 20    Int: 36 (37) God:    Cheibriados [******]
Gold:   111        SH: 36    Dex: 30      Spells: 31/60 levels left

rFire    + . .     SeeInvis +   v - +4 sacred scourge (holy)
rCold    + . .     Gourm    .   R - +1 tower shield
rNeg     + . .     Faith    .   P - +10 gold dragon scales
rPois    +         Spirit   .   (helmet unavailable)
rElec    +         Reflect  +   Q - +1 cloak
rCorr    .         Harm     .   Z - +4 pair of gloves
MR       +++..                  I - +2 pair of boots
Stlth    ..........             M - amulet of the Final Mouths {Reflect Slay+2 SH+5}
HPRegen  0.44/turn              c - ring of Lorexom {rN+ MR+ MP+9 Slay+4 Stlth-}
MPRegen  0.31/turn              G - ring of the Present {rElec Int+6 Dex+3 Stlth+}

@: starving, very slow
A: permanent stasis, dig shafts and tunnels, four strong arms, antennae 3, slimy
green scales 1, deterioration 1, low mp 1, subdued magic 1
}: 2/3 runes: silver, iron
a: Dig, Bend Time, Temporal Distortion, Slouch, Step From Time, Renounce
Religion


You were in the Dungeon.
You worshipped Cheibriados.
Cheibriados was exalted by your worship.
You were starving.

You visited 1 branch You collected 111 gold pieces.

Inventory:

Hand Weapons
 a - a +3 demon whip of freezing
 b - a +4 dire flail of protection
 k - the +5 executioner's axe of the Ten Tales {holy, rN+ Stlth+}
   (You found it in the Dungeon)

   It has been blessed by the Shining One to cause great damage to the undead
   and demons.
   It protects you from negative energy.
   It makes you more stealthy.
 l - the +2 whip of Cadaver's Evisceration {flame, Fragile Str+4 Dex+5}
   (You found it in the Dungeon)

   It has been specially enchanted to burn those struck by it, causing extra
   injury to most foes and up to half again as much damage against particularly
   susceptible opponents.
   It affects your strength (+4).
   It affects your dexterity (+5).
   It will be destroyed if unequipped.
 t - the +3 battleaxe of Overwhelming Force {vamp, rPois Int+4 Dex+4}
   (You found it in the Dungeon)

   It inflicts no extra harm, but heals its wielder when it wounds a living foe.
   It affects your intelligence (+4).
   It affects your dexterity (+4).
   It protects you from poison.
 v - a +4 sacred scourge of holy wrath (weapon)
 N - a +3 demon whip of venom
 O - the +8 frozen axe "Frostbite" {freezing cloud, *Noise +Fly rC+}
   (You found it in the Dungeon)

   It has been specially enchanted to freeze those struck by it, causing extra
   injury to most foes and up to half again as much damage against particularly
   susceptible opponents.
   It can also slow down cold-blooded creatures.
   It protects you from cold.
   It lets you fly.
   It may make noises in combat.
Missiles
 L - 28 javelins (quivered)
 Y - 15 silver javelins
Armour
 I - a +2 pair of boots (worn)
 P - +10 gold dragon scales (worn)
 Q - a +1 cloak (worn)
 R - a +1 tower shield (worn)
 Z - a +4 pair of gloves (worn)
Magical Staves
 s - an uncursed staff of energy
Jewellery
 c - the ring of Lorexom (left hand) {rN+ MR+ MP+9 Slay+4 Stlth-}
   (You found it in the Dungeon)

   [ring of attention]

   It affects your accuracy and damage with ranged weapons and melee attacks
   (+4).
   It protects you from negative energy.
   It affects your resistance to hostile enchantments.
   It affects your magic capacity (+9).
   It makes you less stealthy.
 h - the ring of Xom's Hope {rN++ Str+6}
   (You found it in the Dungeon)

   [ring of strength]

   It affects your strength (+6).
   It greatly protects you from negative energy.
 j - the ring of Xom's Hope {rN++ Str+6}
   (You found it in the Dungeon)

   [ring of strength]

   It affects your strength (+6).
   It greatly protects you from negative energy.
 w - an uncursed amulet of the acrobat
 y - the amulet of Ciusmile {rN+ Regen+ Int+3}
   (You found it in the Dungeon)

   [amulet of regeneration]

   It affects your intelligence (+3).
   It protects you from negative energy.
   It increases your rate of regeneration.
 C - the ring "Ytetramm" {rElec rF- Int+8 Dex+6}
   (You found it in the Dungeon)

   [ring of dexterity]

   It affects your intelligence (+8).
   It affects your dexterity (+6).
   It makes you vulnerable to fire.
   It insulates you from electricity.
 G - the ring of the Present (right hand) {rElec Int+6 Dex+3 Stlth+}
   (You found it in the Dungeon)

   [ring of intelligence]

   It affects your intelligence (+6).
   It affects your dexterity (+3).
   It insulates you from electricity.
   It makes you more stealthy.
 J - the ring "Qyupleecke" {rCorr Str+4}
   (You found it in the Dungeon)

   [ring of resist corrosion]

   It affects your strength (+4).
   It provides partial protection from all sources of acid and corrosion.
 M - the amulet of the Final Mouths (around neck) {Reflect Slay+2 SH+5}
   (You found it in the Dungeon)

   [amulet of reflection]

   It shields you and reflects attacks.
   It affects your accuracy and damage with ranged weapons and melee attacks
   (+2).
   It affects your SH (+5).
 T - the amulet "Zymneish" {Reflect *Contam +Fly Int+2 SH+5}
   (You found it in the Dungeon)

   [amulet of reflection]

   It shields you and reflects attacks.
   It affects your intelligence (+2).
   It lets you fly.
   It causes magical contamination when unequipped.
   It affects your SH (+5).
 U - the amulet "Lelomo" {rC+++ Regen+ Str+2 Stlth-}
   (You found it in the Dungeon)

   [amulet of regeneration]

   It affects your strength (+2).
   It renders you almost immune to cold.
   It increases your rate of regeneration.
   It makes you less stealthy.
 V - the amulet of Kauseuf {Faith rPois rC- Str+3 Stlth+}
   (You found it in the Dungeon)

   [amulet of faith]

   It allows you to gain divine favour quickly.
   It affects your strength (+3).
   It makes you vulnerable to cold.
   It protects you from poison.
   It makes you more stealthy.
 W - the ring "Nuitoall" {+Blink MR+ Int+6 Dex+2 SInv}
   (You found it in the Dungeon)

   [ring of intelligence]

   It affects your intelligence (+6).
   It affects your dexterity (+2).
   It affects your resistance to hostile enchantments.
   It lets you see invisible.
   It lets you blink.
 X - the ring of Moral Flaws {EV+6 Str+4}
   (You found it in the Dungeon)

   [ring of evasion]

   It affects your evasion (+6).
   It affects your strength (+4).
Wands
 S - a wand of enslavement (6)
Scrolls
 o - 6 scrolls of remove curse
 p - 6 scrolls of amnesia
 q - a scroll of summoning
 r - 2 scrolls of vulnerability
 u - 4 scrolls of fog
 E - 8 scrolls of fear
 F - 5 scrolls of identify
Potions
 d - 5 potions of might
 e - 9 potions of curing
 g - 7 potions of heal wounds
 i - 8 potions of magic
 n - 2 potions of invisibility
 z - 3 potions of stabbing
 A - 4 potions of brilliance
 B - a potion of resistance
 D - 2 potions of flight
Miscellaneous
 H - a phial of floods
 K - a lightning rod (4/4)
Comestibles
 f - 21 rations


   Skills:
 O Level 27 Fighting
 * Level 13.5(21.9) Axes
 O Level 27 Maces & Flails
 O Level 27 Armour
 * Level 13.0 Dodging
 + Level 2.7 Stealth
 O Level 27 Shields
 * Level 20.4 Spellcasting
 * Level 10.6 Conjurations
 + Level 14.7 Summonings
 + Level 10.1 Ice Magic
 * Level 9.8 Air Magic
 + Level 18.0 Poison Magic
 O Level 27 Invocations
 + Level 10.1 Evocations


You had 31 spell levels left.
You knew the following spells:

 Your Spells              Type           Power        Failure   Level  Hunger
a - Apportation           Tloc           ####..       2%          1    None
b - Summon Butterflies    Summ           #######.     0%          1    None
c - Call Canine Familiar  Summ           #######.     0%          3    None
d - Poisonous Vapours     Pois/Air       ######       0%          2    None
e - Aura of Abjuration    Summ           #######...   1%          5    None
f - Shadow Creatures      Summ           N/A          1%          6    None
g - Summon Mana Viper     Hex/Summ       ######..     3%          5    None
h - Freezing Cloud        Conj/Ice/Air   ######....   6%          6    None

Your spell library contained the following spells:

 Spells                   Type           Power        Failure   Level  Hunger
 Summon Small Mammal      Summ           ####         0%          1    None
 Call Imp                 Summ           #######.     0%          2    None
 Foxfire                  Conj/Fire      ####         1%          1    None
 Magic Dart               Conj           ####         1%          1    None
 Ensorcelled Hibernation  Hex/Ice        ######       1%          2    None
 Conjure Flame            Conj/Fire      ######..     1%          3    None
 Ignite Poison            Fire/Tmut/Pois ######..     1%          3    None
 Mephitic Cloud           Conj/Pois/Air  #######.     1%          3    None
 Ozocubu's Armour         Chrm/Ice       ######..     1%          3    None
 Recall                   Summ/Tloc      N/A          1%          3    None
 Static Discharge         Conj/Air       ######..     1%          3    None
 Summon Guardian Golem    Hex/Summ       ######..     1%          3    None
 Summon Ice Beast         Ice/Summ       #######.     1%          4    None
 Summon Lightning Spire   Summ/Air       #######.     1%          4    None
 Lightning Bolt           Conj/Air       ######....   1%          5    None
 Summon Demon             Summ           #######...   1%          5    None
 Infusion                 Chrm           ####         2%          1    None
 Iskenderun's Mystic Bla  Conj/Tloc      ######..     2%          4    None
 Sticky Flame             Conj/Fire      ######..     2%          4    None
 Shroud of Golubria       Chrm/Tloc      ####..       3%          2    None
 Slow                     Hex            ####....     3%          2    None
 Song of Slaying          Chrm           ####....     3%          2    None
 Sublimation of Blood     Necr           ####......   3%          2    None
 Summon Forest            Summ/Tloc      ######....   3%          5    None
 Monstrous Menagerie      Summ           #######...   5%          7    None
 Summon Greater Demon     Summ           #######...   5%          7    None
 Summon Hydra             Summ           #######...   5%          7    None
 Confusing Touch          Hex            ####....     8%          3    None
 Gell's Gravitas          Tloc           ####......   8%          3    None
 Inner Flame              Hex/Fire       ####....     8%          3    None
 Portal Projectile        Hex/Tloc       ####..       8%          3    None
 Spectral Weapon          Hex/Chrm       ####....     8%          3    None
 Tukima's Dance           Hex            ####....     8%          3    None
 Fireball                 Conj/Fire      ######....   9%          5    None
 Metabolic Englaciation   Hex/Ice        ######....   9%          5    None
 Silence                  Hex/Air        ######....   10%         5    None
 Dispel Undead            Necr           ####....     28%         4    None
 Petrify                  Tmut/Erth      ####....     28%         4    None
 Summon Horrible Things   Summ           #######...   41%         8    ###....
 Starburst                Conj/Fire      ######....   45%         6    None
 Borgnjor's Vile Clutch   Necr/Erth      ####......   61%         5    None
 Yara's Violent Unravell  Hex/Tmut       ####......   61%         5    None
 Haunt                    Necr/Summ      ######....   77%         7    None
 Malign Gateway           Summ/Tloc      ######....   77%         7    None
 Darkness                 Hex            ####......   99%         6    None
 Death Channel            Necr           ####......   99%         6    None
 Dispersal                Tloc           ####......   99%         6    None
 Ring of Flames           Chrm/Fire      ####......   100%        7    None
 Borgnjor's Revivificati  Necr           ####......   100%        8    ###....
 Death's Door             Chrm/Necr      ####......   100%        8    ###....
 Disjunction              Tloc           ####......   100%        8    ###....
 Ignition                 Fire           ####......   100%        8    ###....
 Infestation              Necr           ####......   100%        8    ###....
 Necromutation            Tmut/Necr      ####......   100%        8    ###....
 Shatter                  Erth           ####......   100%        9    #####..
 Tornado                  Air            ######....   100%        9    #####..
 Swiftness                Chrm/Air       Unusable     N/A         2    N/A
 Blink                    Tloc           Unusable     N/A         2    N/A
 Controlled Blink         Tloc           Unusable     N/A         8    N/A

Dungeon Overview and Level Annotations

Branches:
Dungeon (1/1)

Altars:
Ashenzari
Cheibriados
Dithmenos
Elyvilon
Fedhas
Gozag
Hepliaklqana
Kikubaaqudgha
Makhleb
Nemelex Xobeh
Okawaru
Qazlal
Ru
Sif Muna
Trog
Uskayaw
Vehumet
Wu Jian
Xom
Yredelemnul
Zin
The Shining One
Beogh
Jiyva
Lugonu

Annotations:
D Lom Lobon


Innate Abilities, Weirdness & Mutations

You cannot be hasted, slowed, berserked, paralysed or teleported.
You can dig through walls and to a lower floor.
Your four strong arms can wield two-handed weapons with a shield.
You have a pair of large antennae on your head. (SInv)
You are partially covered in slimy green scales. (AC +2)
Your body sometimes deteriorates upon taking damage.
Your magical capacity is low. (-10% MP)
Your spells are a little easier to cast, but a little less powerful.


Message History

You hit Lom Lobon but do no damage.
Lom Lobon is heavily wounded.
You block the emperor scorpion's attack. x2
The emperor scorpion claws you but does no damage.
You thrash Lom Lobon!!
Lom Lobon convulses!
Lom Lobon is severely wounded.
You block the emperor scorpion's attack.
The emperor scorpion claws you but does no damage.
You block the emperor scorpion's attack.
Lom Lobon blinks!
The soul eater draws from the surrounding life force!
* * * LOW HITPOINT WARNING * * *
Lom Lobon blinks!
The greater mummy mumbles some strange words.
You block the emperor scorpion's attack. x4
The emperor scorpion barely misses you.
The emperor scorpion closely misses you.
The greater mummy gestures at you while chanting.
Something smites you!
You die... { { { { #+# ##3##{ sMs

#s# { { {
##s####{ {
#=s@[=## {
{
#§[&=)=##
{
#))[.[)"##
#[=")=[[[#
##########
.. { {{ {
... { ..#.


You could see Lom Lobon (gusty), a greater mummy, 4 emperor scorpions and a soul
eater (summoned).

Vanquished Creatures
  the Royal Jelly (D)
  Ereshkigal (D)
  Lom Lobon (D)
  An ancient lich (D)
  Mara (D)
  2 orbs of fire (D)
  Mennas (D)
  Boris (D)
  5 pandemonium lords (D)
  6 greater mummies (D)
  A Killer Klown (D)
  the Lernaean hydra (D)
  Jory (D)
  A pearl dragon (D)
  A profane servitor (D)
  2 bone dragons (D)
  3 electric golems (D)
  4 Brimstone Fiends (D)
  2 liches (D)
  An Ice Fiend (D)
  2 Hell Sentinels (D)
  2 tentacled monstrosities (D)
  A deep elf blademaster (D)
  4 titans (D)
  7 acid blobs (D)
  2 sphinxes (D)
  2 shadow dragons (D)
  2 fire giants (D)
  2 azure jellies (D)
  A nagaraja (D)
  A frost giant (D)
  A ghost moth (D)
  2 draconian knights (D)
  4 draconian scorchers (D)
  An iron dragon (D)
  A draconian shifter (D)
  An emperor scorpion (D)
  2 orc warlords (D)
  4 deep elf sorcerers (D)
  A ghoul (D)
  An angel (D)
  2 balrugs (D)
  2 draconian stormcallers (D)
  2 war gargoyles (D)
  4 minotaurs (D)
  3 stone giants (D)
  An apis (D)
  A black draconian (D)
  4 deep elf demonologists (D)
  A white draconian (D)
  A yellow draconian (D)
  3 deep elf annihilators (D)
  3 deep elf death magi (D)
  A green death (D)
  4 blizzard demons (D)
  10 death oozes (D)
  A fire dragon (D)
  2 ettins (D)
  A great orb of eyes (D)
  A yaktaur captain (D)
  5 vault guards (D)
  4 ice dragons (D)
  2 hydras (D)
  A merfolk avatar (D)
  A hell beast (D)
  A death knight (D)
  An anaconda (D)
  A spriggan air mage (D)
  2 naga warriors (D)
  5 ogre magi (D)
  15 two-headed ogres (D)
  2 deep troll shamans (D)
  2 alligators (D)
  An alligator snapping turtle (D)
  A vampire mage (D)
  A soul eater (D)
  3 sun demons (D)
  2 spriggan berserkers (D)
  A spriggan (D)
  A deep elf knight (D)
  3 iron trolls (D)
  A fire crab (D)
  A sixfirhy (D)
  24 deep trolls (D)
  A cherub (D)
  A spriggan druid (D)
  2 wizards (D)
  12 orc knights (D)
  A lindwurm (D)
  A deep elf mage (D)
  4 cyclopes (D)
  A salamander (shapeshifter) (D)
  A manticore (D)
  An elephant (D)
  3 black mambas (D)
  An eye of devastation (D)
  An orange demon (D)
  A smoke demon (D)
  A molten gargoyle (D)
  A rime drake (D)
  A spiny frog (D)
  A komodo dragon (D)
  3 yaktaurs (D)
  An ice devil (D)
  A guardian mummy (D)
  3 trolls (D)
  A polar bear (D)
  A hornet (D)
  A shadow (D)
  3 redbacks (D)
  2 tarantellas (D)
  2 air elementals (D)
  2 ynoxinuls (D)
  A fire bat (D)
  A basilisk (D)
  2 vampire mosquitoes (D)
  A hungry ghost (D)
  A neqoxec (D)
  A chaos spawn (D)
  Edmund (D)
  A warg (D)
  An acid dragon (D)
  A soldier ant (D)
  4 orc warriors (D)
  A black bear (D)
  2 ice beasts (D)
  3 eyes of draining (D)
  A large abomination (D)
  18 ogres (D)
  11 wolves (D)
  2 crocodiles (D)
  Blork the orc (D)
  A gnoll sergeant (D)
  An earth elemental (D)
  3 killer bees (D)
  A jelly (D)
  2 quasits (D)
  An orc priest (D)
  A hound (D)
  2 orc wizards (D)
  Ijyb (D)
  A hell rat (D)
  A worker ant (D)
  Terence (D)
  A small abomination (D)
  9 gnolls (D)
  A white imp (D)
  An ufetubus (D)
  2 oozes (D)
  An adder skeleton (D)
  An adder simulacrum (D)
  7 orcs (D)
  2 bat skeletons (D)
  A giant cockroach (D)
  A hobgoblin (D)
  5 jackals (D)
  2 quokkas (D)
  A bat (D)
  A bat simulacrum (D)
  A jackal simulacrum (D)
  A jackal skeleton (D)
  A kobold (D)
  A quokka skeleton (D)
  A quokka zombie (D)
  2 rats (D)
377 creatures vanquished.

Vanquished Creatures (others)
  A ball lightning (D)
1 creature vanquished.

Grand Total: 378 creatures vanquished

Notes
Turn   | Place    | Note
-------+----------+-------------------------------------------
     0 | D        | Cadaver the Formicid Fighter began the quest for the Orb.
     0 | D        | Reached XP level 1. HP: 18/18 MP: 1/1
    52 | D        | Found a bloodstained altar of Trog.
    52 | D        | Found a shimmering blue altar of Sif Muna.
    52 | D        | Found a viscous altar of Jiyva.
    52 | D        | Found a hazy altar of Hepliaklqana.
    52 | D        | Found an opulent altar of Gozag.
    53 | D        | Found a glowing golden altar of the Shining One.
    53 | D        | Found a glowing silver altar of Zin.
    53 | D        | Found a basalt altar of Yredelemnul.
    53 | D        | Found a shimmering altar of Xom.
    53 | D        | Found an ornate altar of the Wu Jian Council.
    53 | D        | Found a sacrificial altar of Ru.
    53 | D        | Found a stormy altar of Qazlal.
    53 | D        | Found an iron altar of Okawaru.
    53 | D        | Found a sparkling altar of Nemelex Xobeh.
    53 | D        | Found a burning altar of Makhleb.
    53 | D        | Found a blossoming altar of Fedhas.
    53 | D        | Found a white marble altar of Elyvilon.
    53 | D        | Found a shadowy altar of Dithmenos.
    53 | D        | Found a snail-covered altar of Cheibriados.
    54 | D        | Found a radiant altar of Vehumet.
    54 | D        | Found a corrupted altar of Lugonu.
    54 | D        | Found a roughly hewn altar of Beogh.
    55 | D        | Found a hide-covered altar of Uskayaw.
    55 | D        | Found an ancient bone altar of Kikubaaqudgha.
    55 | D        | Found a shattered altar of Ashenzari.
    63 | D        | Became a worshipper of Cheibriados the Contemplative
    75 | D        | Noticed a worker ant
    90 | D        | Killed a worker ant
    90 | D        | Reached skill level 5 in Shields
    90 | D        | Reached XP level 2. HP: 15/26 MP: 2/2
    90 | D        | Reached XP level 3. HP: 18/31 MP: 3/3
   223 | D        | Reached * piety under Cheibriados
   241 | D        | Reached ** piety under Cheibriados
   246 | D        | Reached skill level 5 in Armour
   252 | D        | Reached XP level 4. HP: 29/38 MP: 4/4
   255 | D        | Reached *** piety under Cheibriados
   387 | D        | Noticed Blork the orc
   387 | D        | Noticed a gnoll sergeant
   396 | D        | Reached skill level 5 in Fighting
   401 | D        | Killed Blork the orc
   401 | D        | Reached XP level 5. HP: 31/46 MP: 5/5
   420 | D        | Reached XP level 6. HP: 26/52 MP: 6/6
   423 | D        | Reached **** piety under Cheibriados
   428 | D        | Reached ***** piety under Cheibriados
   430 | D        | Noticed a fire bat
   586 | D        | Killed a fire bat
   586 | D        | Reached XP level 7. HP: 59/59 MP: 3/7
   617 | D        | Reached skill level 10 in Maces & Flails
   617 | D        | Reached skill level 1 in Invocations
   624 | D        | Noticed a smoke demon
   637 | D        | Killed a smoke demon
   637 | D        | Reached XP level 8. HP: 28/67 MP: 7/10
   823 | D        | Noticed Edmund
   830 | D        | Reached ****** piety under Cheibriados
   830 | D        | Reached skill level 10 in Shields
   839 | D        | Killed Edmund
   985 | D        | Noticed Terence
   997 | D        | Killed Terence
  1009 | D        | Reached skill level 5 in Invocations
  1131 | D        | Noticed a redback
  1139 | D        | Killed a redback
  1317 | D        | Noticed an orange demon
  1331 | D        | Killed an orange demon
  1331 | D        | Reached XP level 9. HP: 65/74 MP: 13/13
  1358 | D        | Noticed a fire crab
  1363 | D        | Killed a fire crab
  1380 | D        | Noticed an eight-headed hydra
  1468 | D        | Noticed an elephant
  1479 | D        | Killed an elephant
  1513 | D        | Reached XP level 10. HP: 83/83 MP: 8/16
  1529 | D        | Killed an eight-headed hydra
  1721 | D        | Noticed an orc knight
  1727 | D        | Noticed a black mamba
  1731 | D        | Killed a black mamba
  1731 | D        | Reached skill level 15 in Maces & Flails
  1731 | D        | Reached skill level 10 in Armour
  1764 | D        | Killed an orc knight
  1764 | D        | Reached skill level 10 in Invocations
  1772 | D        | Noticed a ghost moth
  1788 | D        | Killed a ghost moth
  1788 | D        | Reached skill level 10 in Fighting
  1788 | D        | Reached XP level 11. HP: 63/91 MP: 0/19
  1958 | D        | Noticed a lindwurm
  1969 | D        | Killed a lindwurm
  2194 | D        | Noticed a two-headed ogre
  2211 | D        | Killed a two-headed ogre
  2211 | D        | Reached skill level 15 in Shields
  2279 | D        | Noticed an orc knight
  2280 | D        | Gained mutation: Your body sometimes deteriorates upon
                  | taking damage. [a neqoxec]
  2289 | D        | Noticed Ijyb
  2291 | D        | Killed an orc knight
  2302 | D        | Killed Ijyb
  2532 | D        | Got the ring of the Present {rElec Int+6 Dex+3 Stlth+}
  2597 | D        | Reached XP level 12. HP: 74/100 MP: 15/21
  2635 | D        | Noticed a minotaur
  2644 | D        | Killed a minotaur
  2746 | D        | Noticed a death knight
  2748 | D        | Noticed an eight-headed hydra
  2757 | D        | Killed an eight-headed hydra
  2759 | D        | Noticed an ogre mage
  2766 | D        | Killed a death knight
  2785 | D        | Killed an ogre mage
  3001 | D        | Reached skill level 15 in Invocations
  3005 | D        | Noticed a blizzard demon
  3013 | D        | Killed a blizzard demon
  3039 | D        | Noticed a fire dragon
  3048 | D        | Killed a fire dragon
  3051 | D        | Noticed a two-headed ogre
  3058 | D        | Killed a two-headed ogre
  3231 | D        | Identified the +9 dagger "Inuoce" {elec, rElec rF+ Int+2
                  | Dex-4}
  3231 | D        | Noticed a spriggan druid
  3237 | D        | Killed a spriggan druid
  3365 | D        | Got Baonej's Papyrus of the Creative Volcanoes
  3442 | D        | Noticed an alligator
  3442 | D        | Noticed an alligator
  3442 | D        | Noticed a deep elf blademaster
  3442 | D        | Noticed a merfolk avatar
  3443 | D        | Reached XP level 13. HP: 109/109 MP: 25/25
  3446 | D        | Killed a deep elf blademaster
  3450 | D        | Killed a merfolk avatar
  3505 | D        | Noticed an alligator snapping turtle
  3523 | D        | Killed an alligator snapping turtle
  3690 | D        | Upgraded the game from 0.25.1-2-g60ff931df9 to
                  | 0.25.1-8-g42b30a86e7
  3836 | D        | Noticed an orc warlord
  3837 | D        | Noticed an orc warlord
  3853 | D        | Killed an orc warlord
  4237 | D        | Killed an orc warlord
  4410 | D        | Noticed a vault guard
  4419 | D        | Killed a vault guard
  4419 | D        | Reached skill level 15 in Armour
  4419 | D        | Reached XP level 14. HP: 120/120 MP: 27/27
  4724 | D        | Noticed a deep elf demonologist
  4729 | D        | Killed a deep elf demonologist
  4749 | D        | Found the +8 frozen axe "Frostbite" {freezing cloud, *Noise
                  | +Fly rC+}
  4945 | D        | Noticed a bone dragon
  4960 | D        | Reached skill level 15 in Fighting
  4987 | D        | Killed a bone dragon
  5440 | D        | Noticed a yellow draconian
  5452 | D        | Killed a yellow draconian
  5516 | D        | Noticed an ancient lich
  5516 | D        | Noticed a deep elf sorcerer
  5517 | D        | Noticed a sphinx
  5518 | D        | Noticed a deep elf demonologist
  5520 | D        | Noticed a sphinx
  5522 | D        | Noticed a yellow draconian scorcher
  5527 | D        | Noticed a red draconian knight
  5528 | D        | Killed a deep elf sorcerer
  5529 | D        | Killed a deep elf demonologist
  5529 | D        | Noticed a deep elf demonologist
  5531 | D        | Killed an ancient lich
  5531 | D        | Reached skill level 1 in Stealth
  5531 | D        | Reached XP level 15. HP: 40/131 MP: 8/29
  5531 | D        | Killed a sphinx
  5531 | D        | Killed a yellow draconian scorcher
  5531 | D        | Killed a red draconian knight
  5532 | D        | Noticed a nagaraja
  5533 | D        | Noticed an Executioner
  5535 | D        | Killed a sphinx
  5542 | D        | Noticed a red draconian scorcher
  5549 | D        | Killed a nagaraja
  5554 | D        | Killed a red draconian scorcher
  5947 | D        | Noticed a black draconian scorcher
  5954 | D        | Killed a black draconian scorcher
  6121 | D        | Got the ring of Lorexom {rN+ MR+ MP+9 Slay+4 Stlth-}
  6168 | D        | Got the amulet of Ciusmile {rN+ Regen+ Int+3}
  6175 | D        | Got the amulet of the Final Mouths {Reflect Slay+2 SH+5}
  6177 | D        | Got the amulet "Zymneish" {Reflect *Contam +Fly Int+2 SH+5}
  6179 | D        | Got the amulet "Lelomo" {rC+++ Regen+ Str+2 Stlth-}
  6181 | D        | Got the amulet of Kauseuf {Faith rPois rC- Str+3 Stlth+}
  6207 | D        | Got the ring "Nuitoall" {+Blink MR+ Int+6 Dex+2 SInv}
  6209 | D        | Got the ring of Moral Flaws {EV+6 Str+4}
  6343 | D        | Noticed a green draconian knight
  6368 | D        | Killed a green draconian knight
  6410 | D        | Got the Incunabulum of Creative Displacement
  6429 | D        | Got the Grimoire of the Flying Arsonist
  6436 | D        | Learned a level 1 spell: Apportation
  6438 | D        | Learned a level 1 spell: Summon Butterflies
  6442 | D        | Learned a level 3 spell: Call Canine Familiar
  6514 | D        | Noticed a titan
  6528 | D        | Killed a titan
  6652 | D        | Noticed a fire giant
  6660 | D        | Reached XP level 16. HP: 101/141 MP: 31/31
  6660 | D        | Noticed Mara
  6673 | D        | Killed a fire giant
  6686 | D        | Killed Mara
  6916 | D        | Reached skill level 1 in Dodging
  7067 | D        | Identified the +0 flail of Vexoegh {vorpal, +Inv Dex+4}
  7075 | D        | Reached skill level 1 in Evocations
  7140 | D        | Noticed a deep elf sorcerer
  7155 | D        | Killed a deep elf sorcerer
  7636 | D        | Noticed a deep elf sorcerer
  7645 | D        | Noticed a bone dragon
  7649 | D        | Killed a deep elf sorcerer
  7665 | D        | Killed a bone dragon
  7728 | D        | Noticed a frost giant
  7741 | D        | Killed a frost giant
  7747 | D        | Noticed Mennas
  7901 | D        | Killed Mennas
  7901 | D        | Reached skill level 5 in Dodging
  7901 | D        | Reached XP level 17. HP: 136/151 MP: 33/33
  8085 | D        | Got the Catalogue of Boosts and Execration
  8112 | D        | Got the +2 whip of Cadaver's Evisceration {flame, Fragile
                  | Str+4 Dex+5}
  8139 | D        | Got Misegako's Tome of Evil Lightness
  8160 | D        | Found the +0 sword of Power
  8221 | D        | Got the +3 battleaxe of Overwhelming Force {vamp, rPois
                  | Int+4 Dex+4}
  8294 | D        | Found the +11 plutonium sword {*Contam Stlth-}
  8489 | D        | Noticed a titan
  8500 | D        | Killed a titan
  8565 | D        | Identified the +7 glaive "Tyatuecw" {venom, MP+9 Int+3}
  8620 | D        | Reached skill level 27 in Shields
  8628 | D        | Reached skill level 27 in Invocations
  8661 | D        | Reached skill level 1 in Spellcasting
  8691 | D        | Reached skill level 5 in Poison Magic
  8795 | D        | Reached skill level 5 in Spellcasting
  8909 | D        | Learned a level 2 spell: Poisonous Vapours
  8962 | D        | Reached skill level 10 in Poison Magic
  9004 | D        | Got a silver rune of Zot
  9146 | D        | Reached XP level 18. HP: 157/166 MP: 35/35
  9175 | D        | Reached skill level 1 in Summonings
  9186 | D        | Noticed a Hell Sentinel
  9198 | D        | Killed a Hell Sentinel
  9352 | D        | Noticed an orb of fire
  9374 | D        | Gained mutation: Scrolls take you a little longer to read.
                  | [an orb of fire]
  9378 | D        | Gained mutation: You are partially covered in slimy green
                  | scales. (AC +2) [an orb of fire]
  9381 | D        | Gained mutation: Your magical capacity is low. (-10% MP)
                  | [an orb of fire]
  9384 | D        | Gained mutation: Your spells are a little easier to cast,
                  | but a little less powerful. [an orb of fire]
  9388 | D        | Killed an orb of fire
  9388 | D        | Reached skill level 5 in Summonings
  9495 | D        | Lost mutation: Scrolls take you a little longer to read.
                  | [potion of mutation]
  9495 | D        | Gained mutation: You are dopey. (Int -2) [potion of
                  | mutation]
  9495 | D        | Gained mutation: Your movements are slightly less
                  | encumbered by armour. (ER -2) [potion of mutation]
  9495 | D        | Lost mutation: You are dopey. (Int -2) [potion of mutation]
  9615 | D        | Noticed Boris
  9615 | D        | Noticed an electric golem
  9615 | D        | Noticed a greater mummy
  9619 | D        | Killed an electric golem
  9623 | D        | Reached skill level 10 in Spellcasting
  9623 | D        | Reached skill level 5 in Evocations
  9634 | D        | Killed Boris
  9655 | D        | Killed a greater mummy
 10023 | D        | Noticed an Ice Fiend
 10031 | D        | Killed an Ice Fiend
 10320 | D        | Noticed a tentacled monstrosity
 10324 | D        | Killed a tentacled monstrosity
 10327 | D        | Noticed an electric golem
 10340 | D        | Killed an electric golem
 10340 | D        | Reached skill level 10 in Summonings
 10393 | D        | Noticed Jory
 10412 | D        | Killed Jory
 10768 | D        | Noticed a profane servitor
 10781 | D        | Killed a profane servitor
 10781 | D        | Reached skill level 27 in Maces & Flails
 10781 | D        | Reached XP level 19. HP: 180/180 MP: 32/32
 10786 | D        | Noticed Fittas the pandemonium lord
 10801 | D        | Killed Fittas the pandemonium lord
 10886 | D        | Noticed a Killer Klown
 10903 | D        | Killed a Killer Klown
 10918 | D        | Noticed a greater mummy
 10932 | D        | Killed a greater mummy
 10932 | D        | Reached skill level 15 in Poison Magic
 11254 | D        | Noticed the Royal Jelly
 11264 | D        | Killed the Royal Jelly
 11671 | D        | Learned a level 5 spell: Aura of Abjuration
 11678 | D        | Learned a level 6 spell: Shadow Creatures
 11680 | D        | Noticed a Brimstone Fiend
 11687 | D        | Killed a Brimstone Fiend
 11700 | D        | Noticed a Brimstone Fiend
 11712 | D        | Killed a Brimstone Fiend
 12055 | D        | Reached skill level 15 in Spellcasting
 12063 | D        | Learned a level 5 spell: Summon Mana Viper
 12168 | D        | Noticed a tentacled monstrosity
 12175 | D        | Killed a tentacled monstrosity
 12251 | D        | Noticed an orb of fire
 12261 | D        | Lost mutation: Your movements are slightly less encumbered
                  | by armour. (ER -2) [an orb of fire]
 12266 | D        | Killed an orb of fire
 12289 | D        | Learned a level 6 spell: Freezing Cloud
 12625 | D        | Noticed a Brimstone Fiend
 12630 | D        | Killed a Brimstone Fiend
 12800 | D        | Noticed Ereshkigal
 12817 | D        | Killed Ereshkigal
 12817 | D        | Reached skill level 5 in Ice Magic
 12817 | D        | Reached XP level 20. HP: 63/196 MP: 36/36
 13156 | D        | Noticed Wuxzuh the pandemonium lord
 13166 | D        | Killed Wuxzuh the pandemonium lord
 13166 | D        | Reached skill level 27 in Fighting
 13178 | D        | Noticed Gimiog the pandemonium lord
 13183 | D        | Killed Gimiog the pandemonium lord
 13185 | D        | Noticed a Brimstone Fiend
 13193 | D        | Killed a Brimstone Fiend
 13488 | D        | Noticed a pearl dragon
 13490 | D        | Noticed the 27-headed Lernaean hydra
 13498 | D        | Killed a pearl dragon
 13498 | D        | Reached skill level 27 in Armour
 13500 | D        | Killed the 27-headed Lernaean hydra
 13770 | D        | Noticed a Hell Sentinel
 13779 | D        | Killed a Hell Sentinel
 13779 | D        | Reached skill level 10 in Ice Magic
 13909 | D        | Reached skill level 1 in Conjurations
 13930 | D        | Noticed an electric golem
 13942 | D        | Killed an electric golem
 13943 | D        | Noticed a greater mummy
 13951 | D        | Killed a greater mummy
 13958 | D        | Reached skill level 5 in Conjurations
 14254 | D        | Noticed Lom Lobon
 14254 | D        | Noticed a lich
 14254 | D        | Noticed a greater mummy
 14254 | D        | Noticed Liorcha the pandemonium lord
 14265 | D        | Killed Liorcha the pandemonium lord
 14265 | D        | Reached skill level 10 in Axes
 14265 | D        | Reached skill level 10 in Dodging
 14265 | D        | Reached skill level 5 in Air Magic
 14267 | D        | Killed a lich
 14282 | D        | Killed Lom Lobon
 14296 | D        | Killed a greater mummy
 14296 | D        | Noticed a greater mummy
 14305 | D        | Killed a greater mummy
 14305 | D        | Reached skill level 10 in Evocations
 14305 | D        | Reached XP level 21. HP: 41/204 MP: 40/40
 14718 | D        | Found the +9 heavy crossbow "Sniper" {vorpal, Acc+∞ SInv}
 14719 | D        | Got the ring of Xom's Hope {rN++ Str+6}
 14723 | D        | Got the +5 executioner's axe of the Ten Tales {holy, rN+
                  | Stlth+}
 14845 | D        | Got an iron rune of Zot
 14848 | D        | Found the +9 heavy crossbow "Sniper" {vorpal, Acc+∞ SInv}
 14849 | D        | Got an iron rune of Zot
 14851 | D        | Got the ring "Ytetramm" {rElec rF- Int+8 Dex+6}
 14994 | D        | Got the ring "Qyupleecke" {rCorr Str+4}
 15003 | D        | Got the ring of Xom's Hope {rN++ Str+6}
 15004 | D        | Noticed Lom Lobon
 15004 | D        | Noticed a greater mummy
 15004 | D        | Noticed a greater mummy
 15004 | D        | Noticed Liorcha the pandemonium lord
 15012 | D        | Killed Liorcha the pandemonium lord
 15012 | D        | Reached skill level 10 in Conjurations
 15014 | D        | Killed a greater mummy
 15030 | D        | HP: 10/204 [soul eater/drain life[a greater mummy] (9)]
 15033 | D        | Killed from afar by a greater mummy

Illustrated notes

Levels and vault maps discovered:
D:        pitsprint [storerooms_1, entrance_room_1, metal_vault_1, armoury_2,
          mini_pit_1, grid_room_1, main_hall_1, silver_pit, the_coven_1,
          the_vestibule_1, steel_vault_4, golden_pit, hallway_of_sentries,
          crystal_vault_2, iron_vault_5, final_vault]

Skill      XL: |  1  2  3  4  5  6  7  8  9 10 11 12 13 14 15 16 17 18 19 20 21 |
---------------+----------------------------------------------------------------+-----
Fighting       | 4 5 6 7 8 9 10 11 12 14 16 17 18 21 23 26 27 | 27.0
Maces & Flails | 3 4 6 7 9 11 12 14 15 16 17 19 21 22 24 25 27 | 27.0
Armour         | 4 5 6 7 8 9 11 12 13 15 17 18 19 21 26 27 | 27.0
Shields        | 5 6 7 8 9 11 12 14 15 16 18 20 22 25 27 | 27.0
Invocations    | 3 6 8 11 13 16 18 20 23 25 27 | 27.0
Stealth        | 1 2 |  2.7
Dodging        | 5 7 12 13 | 13.0
Evocations     | 4 6 9 10 | 10.1
Spellcasting   | 6 12 16 19 20 | 20.4
Poison Magic   | 11 12 18 | 18.0
Summonings     | 11 14 | 14.7
Ice Magic      | 5 10 | 10.1
Axes           | 12 13 | 13.5
Conjurations   | 9 10 | 10.6
Air Magic      | 8 9 |  9.8

Action                   |  1- 3 |  4- 6 |  7- 9 | 10-12 | 13-15 | 16-18 | 19-21 || total
-------------------------+-------+-------+-------+-------+-------+-------+-------++-------
Melee: Flail             |    32 |    46 |    39 |       |       |       |       ||   117
       Dire flail        |       |       |    50 |   175 |   300 |   583 |   123 ||  1231
       Sacred scourge    |       |       |       |       |       |       |   161 ||   161
 Cast: Poisonous Vapours |       |       |       |       |       |     1 |       ||     1
       Call Canine Famil |       |       |       |       |       |     1 |       ||     1
       Shadow Creatures  |       |       |       |       |       |       |     1 ||     1
Invok: Bend Time         |       |     1 |     1 |       |       |       |       ||     2
       Slouch            |       |       |       |    23 |    30 |    29 |    17 ||    99
Evoke: Lightning rod     |       |       |       |       |     1 |     4 |     3 ||     8
       Wand              |       |       |       |       |       |     1 |       ||     1
       Phial of floods   |       |       |       |       |       |     1 |       ||     1
  Use: Potion            |       |       |       |     3 |     4 |     2 |     9 ||    18
       Scroll            |       |       |       |       |       |       |     4 ||     4
  Eat: Chunk             |       |       |       |     6 |     9 |     9 |     2 ||    26
       Ration            |       |       |       |       |       |     1 |     1 ||     2
Armor: Scale mail        |     6 |     1 |       |       |       |       |       ||     7
       Chain mail        |       |    18 |    16 |       |       |       |       ||    34
       Plate armour      |       |       |    22 |    73 |    51 |       |       ||   146
       Gold dragon scale |       |       |       |       |    46 |   162 |   180 ||   388
Dodge: Dodged            |    10 |     8 |    23 |    57 |    40 |   111 |   110 ||   359
Block: Kite shield       |    21 |    42 |    66 |   169 |   128 |       |       ||   426
       Tower shield      |       |       |       |       |   104 |   715 |   310 ||  1129
       Reflection        |       |       |       |       |       |     9 |     2 ||    11
